 Dungeon Crawl Stone Soup version 0.15.0-27-gbdb0435 (webtiles) character file.

5282 EvilAshe the Cleaver (level 10, 0/56 HPs)
             Began as a Gargoyle Fighter on Sept 11, 2014.
             Was a Follower of Okawaru.
             Slain by an orc warrior
             ... wielding a +1 glaive of chopping
              (10 damage)
             ... on Level 10 of the Dungeon.
             The game lasted 00:41:32 (11453 turns).

EvilAshe the Cleaver (Gargoyle Fighter)            Turns: 11453, Time: 00:41:32

HP   0/56        AC 19     Str 23      XL: 10   Next: 63%
MP  10/10        EV  4     Int  9      God: Okawaru [*.....]
Gold 125         SH  9     Dex 13      Spells:  0 memorised,  9 levels left

rFire  . . .     SeeInvis .     a - +0 war axe
rCold  . . .     Clarity  .     q - +0 plate armour
rNeg   + . .     rCorr    .     c - +0 shield
rPois  +         rRot     +     (no helmet)
rElec  +         Spirit   .     (no cloak)
SustAb .         Warding  .     k - +0 pair of gloves
rMut   .         Stasis   .     (no boots)
Gourm  .                        (no amulet)
MR     +....                    F - +4 ring of dexterity
                                G - ring of protection from magic

@: somewhat resistant to hostile enchantments, extremely unstealthy
A: negative energy resistance 1, electricity resistance, unbreathing,
petrification resistance, rot immunity, AC +7
a: Heroism, Renounce Religion


You were on level 10 of the Dungeon.
You worshipped Okawaru.
Okawaru was aware of your devotion.
You were not hungry.

You visited 2 branches of the dungeon, and saw 11 of its levels.

You collected 305 gold pieces.
You spent 180 gold pieces at shops.

Inventory:

Hand weapons
 a - a +0 war axe (weapon)
 b - a +0 blowgun
Missiles
 m - 22 poisoned needles
 t - 3 tomahawks
 x - 5 javelins (quivered)
Armour
 c - a +0 shield (worn)
 k - a +0 pair of gloves (worn)
 q - a +0 plate armour (worn)
 v - a +0 scale mail
Magical devices
 r - a wand of flame (10)
 N - a wand of paralysis (11) {unknown}
Comestibles
 d - 9 bread rations
 g - 7 meat rations
 j - 7 fruits
 A - a chunk of kobold flesh
 H - 2 slices of pizza
Scrolls
 h - 9 scrolls of identify
 i - a scroll of holy word {unknown}
 o - 2 scrolls of immolation {unknown}
 y - 2 scrolls of magic mapping
 z - a scroll of noise {unknown}
 B - 2 scrolls of amnesia {unknown}
 C - 3 scrolls of enchant weapon {unknown}
 D - a scroll of blinking {unknown}
 E - a scroll of teleportation {unknown}
 J - a scroll of random uselessness {unknown}
 K - a scroll of remove curse
Jewellery
 w - an uncursed ring of see invisible
 F - a +4 ring of dexterity (right hand)
 G - a ring of protection from magic (left hand)
Potions
 e - 2 potions of might
 l - 2 potions of cure mutation
 n - 2 potions of heal wounds
 s - 3 potions of curing
 u - a potion of agility
 I - a potion of resistance
 L - a potion of berserk rage
 M - a potion of restore abilities
 O - a potion of invisibility
Books
 f - a book of Maledictions

   Spells                             Type                      Level
   Corona                             Hexes                        1
   Sure Blade                         Hexes/Charms                 2
   Ensorcelled Hibernation            Hexes/Ice                    2
   Confuse                            Hexes                        3
   Dazzling Spray                     Conjuration/Hexes            3
   Enslavement                        Hexes                        4
 p - a book of Battle

   Spells                             Type                      Level
   Infusion                           Charms                       1
   Shroud of Golubria                 Charms/Translocation         2
   Song of Slaying                    Charms                       2
   Spectral Weapon                    Hexes/Charms                 3
   Regeneration                       Charms/Necromancy            3


   Skills:
 - Level 3.2 Fighting
 + Level 13.7 Axes
 - Level 3.2 Armour
 - Level 3.2 Shields


You had 9 spell levels left.
You didn't know any spells.

Dungeon Overview and Level Annotations

Branches:
Dungeon (10/15)            Temple (1/1) D:6
    Orc: D:9-12        Lair: D:8-11

Altars:
Ashenzari
Cheibriados
Dithmenos
Elyvilon
Fedhas
Kikubaaqudgha
Makhleb
Nemelex Xobeh
Okawaru
Qazlal
Sif Muna
Trog
Vehumet
Xom
Yredelemnul
Zin
The Shining One

Shops:
D:4 =   D:7 =

Annotations:
D:3 Needs Clearing
D:9 Erolcha, Maurice
D:10 Harold


Innate Abilities, Weirdness & Mutations

You are resistant to torment.
You are immune to poison.
Your stone body is very resilient (AC +7).
You resist negative energy.
You are resistant to electric shocks.
You can survive without breathing.
You are immune to petrification.
You are immune to rotting.


Message History

b - a +0 blowgun (weapon)
Firing (i - inventory. (,) - cycle):
m - 23 poisoned needles (quivered)
Press: ? - help, Shift-Dir - straight line, f - Harold
Aim: Harold, wielding a halberd and wearing a ring mail You shoot a poisoned needle.
The poisoned needle hits Harold!
Harold is poisoned.
Harold says, "This is so exciting!
What a great way to end my career!"
Harold points at you and mumbles some strange words.
The bolt of fire hits you!
Ouch! That really hurt!
a - a +0 war axe (weapon)
Harold hits you but does no damage.
An orc and an orc warrior come into view.
The orc warrior shouts!
The orc shouts!
You block the orc's attack.
The orc warrior hits you with a runed glaive!
* * * LOW HITPOINT WARNING * * *
x2 You block the orc's attack.
The orc warrior hits you from afar with a runed glaive!
You die...

.. #..# #.##. #. ##.#####
#.#.. #<###((.@.## #....
#..######..## #...> #<###
##..# ###....
#######...######.#####....#.
..........o...@..............
.......[..o##########..#####
########.#.@.#### ##.## #
#.##.....# #..# # .###.###.##
#..# # .. #.# #..# #..# ..#
#!# ##.###..# .#.
#.####..#...# ..
#.........#.######
#..###............
#................<


You could see an orc warrior and an orc.

Vanquished Creatures
  A hill giant (D:10)
  A troll (D:9)
  A two-headed ogre (D:8)
  4 hippogriffs
  3 hill giant skeletons
  A spriggan (D:9)
  2 sky beasts
  A black bear (D:7)
  2 orc warriors (D:8)
  The ghost of ztt the Covered, an average MiFi (D:4)
  5 ice beasts
  2 phantoms
  2 centaurs
  A crocodile (D:9)
  2 big kobolds
  2 giant frogs
  2 scorpions
  A yak zombie (D:8)
  6 crimson imps
  2 goliath beetles
  6 hounds
  2 quasits
  4 orc priests
  A jelly (D:5)
  6 orc wizards
  A giant frog skeleton (D:9)
  Natasha (thrice) (D:5)
  An iguana (D:9)
  10 worker ants
  An ogre skeleton (D:6)
  A big kobold skeleton (D:8)
  Terence (D:2)
  A hound skeleton (D:5)
  2 shadow imps
  An orc skeleton (D:8)
  7 adders
  3 giant mites
  2 worms (D:2)
  2 iguana zombies
  3 giant geckos
  3 oozes (D:2)
  25 orcs
  5 giant cockroaches
  13 goblins
  15 hobgoblins
  6 jackals
  26 kobolds
  4 quokkas
  6 bats
  4 giant newts
  A giant spore (D:9)
  A goblin skeleton (D:10)
  A kobold skeleton (D:5)
  An orc zombie (D:10)
  15 rats
  A rat skeleton (D:5)
  A rat zombie (D:8)
  2 ballistomycetes (D:9)
230 creatures vanquished.

Notes
Turn   | Place    | Note
--------------------------------------------------------------
     0 | D:1      | EvilAshe, the Gargoyle Fighter, began the quest for the Orb.
     0 | D:1      | Reached XP level 1. HP: 14/14 MP: 1/1
   418 | D:1      | Reached XP level 2. HP: 19/19 MP: 2/2
   711 | D:1      | Reached XP level 3. HP: 21/23 MP: 3/3
  1055 | D:2      | Found a shattered altar of Ashenzari.
  1560 | D:2      | Reached XP level 4. HP: 28/28 MP: 4/4
  1675 | D:2      | Noticed Terence
  1679 | D:2      | Reached skill level 4 in Axes
  1682 | D:2      | Killed Terence
  2150 | D:2      | Reached XP level 5. HP: 29/32 MP: 5/5
  2256 | D:3      | Noticed an ogre
  2415 | D:4      | Reached skill level 5 in Axes
  2662 | D:4      | Reached XP level 6. HP: 35/37 MP: 6/6
  2749 | D:4      | Reached skill level 6 in Axes
  3081 | D:4      | Noticed ztt's ghost (average MiFi)
  3116 | D:4      | Killed ztt's ghost
  3116 | D:4      | Reached XP level 7. HP: 33/41 MP: 7/7
  3398 | D:4      | Found Leumulee's Jewellery Shoppe.
  3502 | D:5      | Entered Level 5 of the Dungeon
  3552 | D:5      | Noticed Natasha
  3794 | D:5      | Reached skill level 7 in Axes
  3799 | D:5      | Killed Natasha
  3888 | D:5      | Noticed Natasha
  3901 | D:5      | Killed Natasha
  3954 | D:5      | Noticed Natasha
  3960 | D:5      | Killed Natasha
  4410 | D:5      | Reached skill level 8 in Axes
  4497 | D:5      | Reached XP level 8. HP: 32/46 MP: 8/8
  4573 | D:5      | Found an ancient bone altar of Kikubaaqudgha.
  5290 | D:6      | Reached skill level 9 in Axes
  5945 | D:6      | Found a deep blue altar of Sif Muna.
  6232 | D:7      | Reached skill level 10 in Axes
  6250 | D:7      | Found a basalt altar of Yredelemnul.
  6411 | D:7      | Reached XP level 9. HP: 47/51 MP: 9/9
  6521 | D:6      | Found a staircase to the Ecumenical Temple.
  6525 | Temple   | Entered the Ecumenical Temple
  6748 | D:7      | Found Praam's Jewellery Emporium.
  6751 | D:7      | Bought an uncursed ring of see invisible for 180 gold pieces
  6962 | D:6      | Found a burning altar of Makhleb.
  7278 | D:7      | Reached skill level 11 in Axes
  7668 | D:8      | Reached skill level 12 in Axes
  7909 | D:8      | Reached XP level 10. HP: 49/56 MP: 10/10
  8636 | D:8      | Found a radiant altar of Vehumet.
  8665 | D:8      | Found a bloodstained altar of Trog.
  8666 | D:8      | Found an iron altar of Okawaru.
  8672 | D:8      | Became a worshipper of Warmaster Okawaru
  9214 | D:3      | Found a shadowy altar of Dithmenos.
  9585 | D:9      | Found a shimmering altar of Xom.
  9619 | D:9      | Found a blossoming altar of Fedhas.
  9723 | D:9      | Noticed Erolcha
 10124 | D:9      | Noticed Maurice
 10240 | D:9      | Reached skill level 13 in Axes
 10749 | D:10     | Entered Level 10 of the Dungeon
 10801 | D:10     | Noticed a hill giant
 10815 | D:10     | Killed a hill giant
 10834 | D:10     | Acquired Okawaru's first power
 11426 | D:10     | Noticed Harold
 11453 | D:10     | Slain by an orc warrior

Action                   |  1- 3 |  4- 6 |  7- 9 | 10-12 || total
-------------------------+-------+-------+-------+-------++-------
Melee: War axe           |   120 |   164 |   448 |   345 ||  1077
 Fire: Blowgun           |       |       |     7 |     4 ||    11
Throw: Javelin           |       |     1 |    14 |    13 ||    28
       Tomahawk          |       |       |       |     4 ||     4
  Use: Scroll            |       |       |     9 |     5 ||    14
       Potion            |       |       |       |     2 ||     2
  Eat: Chunk             |     2 |     6 |    13 |    10 ||    31
       Royal jelly       |       |       |     1 |     1 ||     2
